 Dungeon Crawl Stone Soup version 0.30.1-9-gdf580d7c3d (webtiles) character file.

Game seed: 2622791182478556679

92 lonewolfV2 the Trooper (level 4, -3/37 HPs)
             Began as a Demonspawn Fighter on Oct 24, 2023.
             Killed by nerve-wracking pain
             ... invoked by an orc priest
              (13 damage)
             ... on level 4 of the Dungeon.
             The game lasted 00:03:37 (2683 turns).

lonewolfV2 the Trooper (Demonspawn Fighter)         Turns: 2683, Time: 00:03:38

Health: -3/37      AC: 10    Str: 18    XL:     4   Next: 35%
Magic:  4/4        EV:  9    Int: 10    God:
Gold:   135        SH:  0    Dex: 18    Spells: 3/3 levels left

rFire   . . .        a - +0 war axe
rCold   . . .        (no shield)
rNeg    . . .        b - +0 scale mail
rPois   .            (no helmet)
rElec   .            l - +0 cloak
rCorr   +            (no gloves)
SInv    .            g - +0 pair of boots
Will    .....        (no amulet) Stlth
                     e - +6 ring of dexterity
HPRegen 0.26/turn    h - ring of resist corrosion
MPRegen 0.09/turn

%: no passive effects
@: no status effects
A: thin metallic scales 1, demonic touch 1
a: no special abilities


You were on level 4 of the Dungeon.
You visited 1 branch of the dungeon, and saw 4 of its levels.

You collected 135 gold pieces.

Inventory:

Hand Weapons
 a - a +0 war axe (weapon)
Armour
 b - a +0 scale mail (worn)
 c - a +0 buckler
 g - a +0 pair of boots (worn)
 l - a +0 cloak (worn)
Jewellery
 e - a +6 ring of dexterity (left hand)
 h - a ring of resist corrosion (right hand)
Potions
 d - a potion of might
 f - a potion of lignification
 i - 2 potions of berserk rage {unknown}
 j - 3 potions of degeneration {unknown}
 n - a potion of curing {unknown}
 o - a potion of heal wounds {unknown}


   Skills:
 * Level 4.3 Fighting
 + Level 2.5 Axes
 - Level 2.6 Armour
 + Level 3.3 Shields


You had 3 spell levels left.
You didn't know any spells.
Your spell library contained the following spells:

 Spells                   Type           Power      Damage    Failure   Level
 Freeze                   Ice            0%         1d3       77%         1
 Call Canine Familiar     Summ           0%         N/A       98%         3
 Frozen Ramparts          Ice            0%         1d1       98%         3
 Hailstorm                Conj/Ice       0%         3d3       98%         3
 Portal Projectile        Hex/Tloc       0%         N/A       98%         3
 Leda's Liquefaction      Hex/Erth       0%         N/A       100%        4


Dungeon Overview and Level Annotations

Branches:
Dungeon (4/15)             Temple (0/1) D:4

Altars:


Innate Abilities, Weirdness & Mutations

You are partially covered in thin metallic scales. (AC +2)
Your touch may inflict minor irresistible damage on your foes.


Message History

HP restored.
You climb downwards.
The orc priest shouts! x2; The orc shouts!
You hear an angry hiss.
Found 9 gold pieces.
Found a stone staircase leading up and a staircase to the Ecumenical Temple.
There is a stone staircase leading up here.
An orc priest comes into view. It is wielding a +0 mace.
The orc priest invokes the aid of Beogh against you.
Beogh smites you!
The orc priest looks satisfied for a moment.
There is a stone staircase leading up here.
You climb upwards.
There is a stone staircase leading down here.
You start resting.
HP restored.
You start waiting.
Done waiting.
You climb downwards.
An adder comes into view.
The orc barely misses you. The orc hits you with a +0 club.
There is a stone staircase leading up here.
The adder hisses angrily.
You hit the orc.
The orc is moderately wounded.
You hit the orc. The orc barely misses you. The orc hits you with a +0 club.
The orc priest looks braver for a moment.
You hit the orc but do no damage.
You touch the orc.
You kill the orc!
You hit the orc but do no damage. The orc barely misses you.
The orc priest calls down the wrath of Beogh upon you.
Beogh smites you! The orc hits you but does no damage.
You slash the orc!
You kill the orc!
You closely miss the orc priest.
The orc priest invokes the aid of Beogh against you.
Pain shoots through your body!
* * * LOW HITPOINT WARNING * * *
The orc priest mumbles some strange prayers to Beogh against you.
Pain shoots through your body!
You die...

.........
.........
#.......#
#......##
#..S.o.##
#.o....##
#............# #
♣.♣...........
$.............#
#.#####........#
#. ###.....##


You could see 3 orc priests and an adder.

Vanquished Creatures
  A gnoll (D:1)
  An adder (D:2)
  A worm (D:3)
  A dart slug (D:1)
  3 orcs
  10 ball pythons
  6 endoplasms
  A giant cockroach (D:2)
  8 goblins
  8 hobgoblins
  2 quokkas (D:1)
  5 bats
  2 frilled lizards (D:2)
  5 kobolds
  10 rats
64 creatures vanquished.

Notes
Turn   | Place    | Note
-------+----------+-------------------------------------------
     0 | D:1      | lonewolfV2 the Demonspawn Fighter began the quest for the
                  | Orb.
     0 | D:1      | Reached XP level 1. HP: 18/18 MP: 1/1
    52 | D:1      | Gained mutation: You are partially covered in thin metallic
                  | scales. (AC +2) [demonic ancestry]
    52 | D:1      | Reached XP level 2. HP: 15/24 MP: 2/2
   259 | D:1      | Reached XP level 3. HP: 30/30 MP: 3/3
  1219 | D:2      | Reached skill level 4 in Fighting
  1731 | D:3      | Gained mutation: Your touch may inflict minor irresistible
                  | damage on your foes. [demonic ancestry]
  1731 | D:3      | Reached XP level 4. HP: 37/37 MP: 4/4
  2542 | D:4      | Found a staircase to the Ecumenical Temple.
  2683 | D:4      | Killed from afar by an orc priest

Illustrated notes

Levels and vault maps discovered:
D:1:      erik_arrival_blinker_ship, layout_basic
D:2:      layout_loops_cross
D:3:      layout_loops_corners
D:4:      layout_cave_pods, minmay_temple_entry_trees, serial_shops,
          nicolae_shop_waterfront, shop, nicolae_shop_industrial_runoff, shop,
          shop, bh_walls_and_bars

Skill      XL: |  1  2  3 |
---------------+----------+-----
Axes           | 2 |  2.5
Shields        | 3 |  3.3
Fighting       | 4 |  4.3
Armour         | |  2.6

Action                     |  1- 3 |  4- 6 || total
---------------------------+-------+-------++-------
  Melee: War axe           |   107 |    32 ||   139
         Touch             |       |     3 ||     3
    Use: Scroll            |     1 |     3 ||     4
 Armour: Scale mail        |    66 |    14 ||    80
  Dodge: Dodged            |    70 |    15 ||    85
  Block: Buckler           |    41 |     4 ||    45
